 Dungeon Crawl Stone Soup version 0.25-a0-55-g0753fd1ad2 (webtiles) character file.

Game seed: 13899008785071578373, levelgen mode: deterministic

74 OleJ the Ducker (level 4, -4/29 HPs)
             Began as a Kobold Monk on Oct 25, 2019.
             Slain by a gnoll
             ... wielding a +0 spear
              (5 damage)
             ... on level 3 of the Dungeon.
             The game lasted 00:19:15 (3407 turns).

OleJ the Ducker (Kobold Monk)                       Turns: 3407, Time: 00:19:15

Health: -4/29      AC:  2    Str:  8    XL:     4   Next: 52%
Magic:  4/4        EV: 17    Int: 11    God:
Gold:   71         SH:  0    Dex: 18    Spells: 3/3 levels left

rFire    . . .     SeeInvis .     - Unarmed
rCold    . . .     Gourm    .   (shield restricted)
rNeg     . . .     Faith    .   a - +0 robe
rPois    .         Spirit   .   (no helmet)
rElec    .         Reflect  .   (no cloak)
rCorr    .         Harm     .   (no gloves)
MR       .....                  (no boots)
Stlth    +++.......             (no amulet)
HPRegen  0.09/turn              (no ring)
MPRegen  0.09/turn              (no ring)

@: no status effects
A: small, carnivore
a: no special abilities


You were on level 3 of the Dungeon.
You were not hungry.

You visited 1 branch of the dungeon, and saw 3 of its levels.

You collected 71 gold pieces.

Inventory:

Hand Weapons
 i - a +0 hunting sling
Missiles
 f - 27 stones (quivered)
Armour
 a - a +0 robe (worn)
 e - a +0 ring mail
Jewellery
 h - an uncursed amulet of the acrobat {unknown}
 l - an uncursed ring of ice {unknown}
Scrolls
 c - 3 scrolls of identify
Potions
 d - a potion of curing {unknown}
 g - 2 potions of resistance {unknown}
 j - a potion of heal wounds {unknown}
 k - a potion of flight {unknown}
Comestibles
 b - 4 rations


   Skills:
 * Level 3.9 Fighting
 + Level 0.0 Throwing
 + Level 4.4 Dodging
 + Level 3.5 Stealth
 + Level 3.6 Unarmed Combat


You had 3 spell levels left.
You didn't know any spells.
Your spell library was empty.

Dungeon Overview and Level Annotations

Branches:
Dungeon (3/15)

Altars:
Ashenzari
Kikubaaqudgha
Wu Jian

Annotations:
D:1 16


Innate Abilities, Weirdness & Mutations

You are small and have problems with some larger weapons.
You are carnivorous and can eat meat at any time.


Message History

The gnoll closely misses you. x2
You hit the gnoll but do no damage.
The gnoll is lightly wounded.
The gnoll completely misses you. The gnoll misses you.
You closely miss the gnoll.
The gnoll is lightly wounded.
The gnoll hits you with a +0 spear.
* * * LOW HITPOINT WARNING * * *
The gnoll hits you with a +0 club.
* * * LOW HITPOINT WARNING * * *
You closely miss the gnoll.
The gnoll is lightly wounded.
The gnoll barely misses you. The gnoll hits you but does no damage.
You barely miss the gnoll.
The gnoll is lightly wounded.
The gnoll barely misses you. The gnoll closely misses you.
You closely miss the gnoll. The gnoll completely misses you.
You closely miss the gnoll. The gnoll closely misses you.
The gnoll hits you with a +0 spear.
You die...

## #.# # ##
#.###.#
#.###รท...#
#.#.##### #
#.##
#...######g#
#........g@#
##.#########


You could see 2 gnolls.

Vanquished Creatures
  3 adders (D:2)
  An ooze (D:2)
  2 worms (D:2)
  A dart slug (D:1)
  4 goblins
  8 hobgoblins
  4 jackals (D:3)
  4 bats
  4 kobolds
  3 rats (D:1)
  A withered plant (D:2)
35 creatures vanquished.

Notes
Turn   | Place    | Note
-------+----------+-------------------------------------------
     0 | D:1      | OleJ the Kobold Monk began the quest for the Orb.
     0 | D:1      | Reached XP level 1. HP: 14/14 MP: 1/1
   414 | D:1      | Reached XP level 2. HP: 15/19 MP: 2/2
   760 | D:1      | Reached skill level 4 in Dodging
   854 | D:1      | Reached XP level 3. HP: 23/23 MP: 3/3
  1756 | D:2      | Reached XP level 4. HP: 14/29 MP: 4/4
  1960 | D:2      | Found an ornate altar of the Wu Jian Council.
  2254 | D:2      | Found an ancient bone altar of Kikubaaqudgha.
  2423 | D:2      | Found a shattered altar of Ashenzari.
  3403 | D:3      | HP: 1/29 [gnoll/+0 club (3)]
  3407 | D:3      | Slain by a gnoll

Levels and vault maps discovered:
D:1:      nzn_arrival_water_spiral, layout_loops_ring, kennysheep_crisscross
D:2:      layout_basic, kiku_gazebo_garden_becter, lemuel_doored_altar,
          evilmike_ruin_ashenzari, minmay_misc_feat_nine_boxes,
          nrook_mini_vaults, minmay_pentomino_t2
D:3:      layout_loops_corners, vehumet_crystals, first_ration,
          grunt_decor_mini_mirrors

Table legend:
 A = Non-vault XP
 B = Vault XP
 C = Vault XP percentage of total XP
 D = Non-vault monster count
 E = Vault monster count
 F = Vault count percentage of total count
                 A         B        C        D         E       F
            +---------+---------+-------+---------+---------+-------
      Total |      86 |      20 |  18.9 |      32 |       2 |   5.9
            +---------+---------+-------+---------+---------+-------
        D:1 |      33 |       0 |   0.0 |      19 |       0 |   0.0
        D:2 |      45 |      20 |  30.8 |       9 |       2 |  18.2
        D:3 |       8 |       0 |   0.0 |       4 |       0 |   0.0
            +---------+---------+-------+---------+---------+-------
